 Dungeon Crawl Stone Soup version bcrawl-1.21.3 (webtiles) character file.

Game seed: 8148024358174010242

62 Flugslaktarn the Skirmisher (level 3, -1/24 HPs)
             Began as a Skeleton Archaeologist on Mar 30, 2020.
             Slain by a leopard gecko (2 damage)
             ... on level 2 of the Dungeon.
             The game lasted 00:01:38 (2790 turns).

Flugslaktarn the Skirmisher (SkAc)                  Turns: 2790, Time: 00:01:39

Health: -1/24      AC:  6    Str: 15 (18) XL:     3   Next: 85%
Magic:  0/3        EV: 12    Int: 11 (12) God:
Gold:   114        SH:  3    Dex:  4 (7)  Spells: 2/2 levels left

rFire    . . .     SeeInvis .   a - +0 whip
rCold    + . .     Gourm    .   (no shield)
rNeg     + + +     Faith    .   b - +1 robe
rPois    ∞         Spirit   +   c - +1 hat
rElec    .         Reflect  +   (no cloak)
rCorr    .         Harm     .   (no gloves)
MR       .....                  d - +1 pair of boots
Stlth    ++........             i - +3 amulet of reflection
HPRegen  0.08/turn              l - ring of flight
MPRegen  0.08/turn              (no ring)

@: no status effects
A: no food or potions, cold resistance 1, deterioration 1, negative energy
resistance 3, torment resistance, unbreathing, magic shield, sturdy frame 1,
spell healing
a: Evoke Flight


You were on level 2 of the Dungeon.
You were not hungry.

You visited 1 branch of the dungeon, and saw 2 of its levels.

You collected 114 gold pieces.

Inventory:

Hand Weapons
 a - a +0 whip (weapon)
Armour
 b - a +1 robe (worn)
 c - a +1 hat (worn)
 d - a +1 pair of boots (worn)
Jewellery
 i - a +3 amulet of reflection (around neck)
   (You found it on level 1 of the Dungeon)
 l - a ring of flight (left hand)
   (You found it on level 2 of the Dungeon)
Scrolls
 e - a scroll of amnesia {unknown}
 g - a scroll of fear {unknown}
 h - a scroll of noise {unknown}
 j - 2 scrolls of magic mapping
 k - a scroll of identify {unknown}
Miscellaneous
 f - a dusty tome


   Skills:
 + Level 3.8 Fighting
 - Level 1.2 Maces & Flails
 - Level 3.0 Dodging
 - Level 3.6 Stealth


You had 2 spell levels left.
You didn't know any spells.
Your spell library was empty.

Dungeon Overview and Level Annotations

Branches:
Dungeon (2/12)

Altars:
Qazlal

Annotations:
D:2 Robin


Innate Abilities, Weirdness & Mutations

You do not eat or drink.
You are immune to poison.
Your flesh is cold resistant. (rC+)
Your body sometimes deteriorates upon taking damage.
You are immune to negative energy. (rN+++)
You are immune to unholy pain and torment.
You can survive without breathing.
When hurt, damage is shared between your health and your magic reserves.
Your movements are slightly less encumbered by armour. (ER -2)
Casting spells heals you.


Message History

You are too injured to fight recklessly!
You are too injured to fight recklessly!
You are too injured to fight recklessly!
You are too injured to fight recklessly!
You are too injured to fight recklessly!
You are too injured to fight recklessly!
You are too injured to fight recklessly!
You are too injured to fight recklessly!
You closely miss the leopard gecko.
The leopard gecko is heavily wounded.
The leopard gecko bites you.
* * * LOW HITPOINT WARNING * * *
Your body deteriorates!
You feel weakened.
You barely miss the leopard gecko.
The leopard gecko is heavily wounded.
The leopard gecko bites you but does no damage.
You barely miss the leopard gecko.
The leopard gecko is heavily wounded.
The leopard gecko bites you.
You die...

#...≈#≈≈≈ #..≈≈≈≈.>
#########.≈≈≈#≈_.
#...........≈≈≈≈≈
#...........≈#+≈≈
#...........≈..≈. .
#..............≈.
....####................
.......@...........##...
......l............##...
...................##...
...................##...
...........##########...
...........# ####
...........#
...........#


You could see a leopard gecko.

Vanquished Creatures
  2 worms
  A dart slug (D:1)
  4 leopard geckos
  An orc (D:2)
  2 ball pythons
  6 bats
  A giant cockroach (D:1)
  11 goblins
  4 hobgoblins
  5 kobolds
  2 quokkas
  2 frilled lizards (D:1)
  3 rats (D:1)
44 creatures vanquished.

Notes
Turn   | Place    | Note
-------+----------+-------------------------------------------
     0 | D:1      | Flugslaktarn the Skeleton Archaeologist began the quest for
                  | the Orb.
     0 | D:1      | Reached XP level 1. HP: 12/12 MP: 1/1
   392 | D:1      | Reached XP level 2. HP: 15/17 MP: 2/2
   789 | D:1      | Reached XP level 3. HP: 23/23 MP: 3/3
  1675 | D:2      | Noticed Robin
  2036 | D:2      | Found a stormy altar of Qazlal.
  2183 | D:2      | HP: 1/24 [worm (7)]
  2788 | D:2      | HP: 1/24 [leopard gecko (4)]
  2790 | D:2      | Slain by a leopard gecko

Skill      XL: |  1  2 |
---------------+-------+-----
Fighting       | 2 3 |  3.8
Maces & Flails | |  1.2
Dodging        | |  3.0
Stealth        | |  3.6

Action                   || total
-------------------------++-------
Melee: Whip              ||   252
 Stab: Sleeping          ||     9
       Distracted        ||     1
Armor: Robe              ||   108
Dodge: Dodged            ||   168
Block: Other             ||    28
       Reflection        ||     2
